 Dungeon Crawl Stone Soup version 0.21-a0-59-g7b0e191 (webtiles) character file.

423 HAL9000 the Cudgeler (level 6, 0/62 HPs)
             Began as an Ogre Hunter on June 16, 2017.
             Slain by an iguana (9 damage)
             ... on level 4 of the Dungeon.
             The game lasted 00:08:12 (3397 turns).

HAL9000 the Cudgeler (Ogre Hunter)                  Turns: 3397, Time: 00:08:13

Health: 0/62       AC:  4    Str: 22    XL:     6   Next: 95%
Magic:  6/6        EV: 10    Int: 16    God:
Gold:   132        SH:  3    Dex:  9    Spells: 5/5 levels left

rFire    + . .     SeeInvis +   z - +6 mace "Killer Bee's Peril" {freeze, rF+ Str+3 Int+4 Stlth-}
rCold    . . .     Gourm    .   (no shield)
rNeg     . . .     Faith    .   b - +0 robe
rPois    .         Spirit   .   (helmet restricted)
rElec    .         Reflect  +   i - +0 cloak
rCorr    .         Harm     .   (gloves unavailable)
MR       .....                  (boots unavailable)
Stlth    ..........             t - +3 amulet of reflection
HPRegen  0.20/turn              k - ring of see invisible
MPRegen  0.10/turn              (no ring)

@: no status effects
A: unfitting armour, tough skin 1
a: no special abilities


You were on level 4 of the Dungeon.
You were not hungry.

You visited 1 branch of the dungeon, and saw 4 of its levels.

You collected 132 gold pieces.

Inventory:

Hand Weapons
 z - the +6 mace "Killer Bee's Peril" (weapon) {freeze, rF+ Str+3 Int+4 Stlth-}
   (You found it on level 4 of the Dungeon)

   It has been specially enchanted to freeze those struck by it, causing extra
   injury to most foes and up to half again as much damage against particularly
   susceptible opponents.
   It can also slow down cold-blooded creatures.
   It affects your strength (+3).
   It affects your intelligence (+4).
   It protects you from fire.
   It makes you less stealthy.
Missiles
 c - 4 large rocks (quivered)
 d - 3 throwing nets
Armour
 b - a +0 robe (worn)
 i - a +0 cloak (worn)
Jewellery
 k - a ring of see invisible (left hand)
 t - a +3 amulet of reflection (around neck)
Scrolls
 g - a scroll of identify
 h - 4 scrolls of magic mapping
 j - a scroll of teleportation {unknown}
 m - a scroll of fear {unknown}
 n - 2 scrolls of recharging {unknown}
 s - a scroll of blinking {unknown}
 v - 2 scrolls of enchant weapon {unknown}
Potions
 q - a potion of cancellation
 A - a potion of brilliance
Books
 p - a book of Annihilations

   Spells                             Type                      Level
   a - Poison Arrow                   Conjuration/Poison           6
   b - Chain Lightning                Conjuration/Air              8
   c - Lehudib's Crystal Spear        Conjuration/Earth            8
   d - Glaciate                       Conjuration/Ice              9
   e - Fire Storm                     Conjuration/Fire             9
Comestibles
 f - 3 bread rations
 u - 23 fruits
 w - a royal jelly


   Skills:
 - Level 4.1 Fighting
 + Level 5.8 Maces & Flails
 - Level 4.0 Throwing
 - Level 1.7 Dodging
 - Level 0.6 Stealth


You had 5 spell levels left.
You didn't know any spells.

Dungeon Overview and Level Annotations

Branches:
Dungeon (4/15)
 Temple: D:4-7

Altars:


Innate Abilities, Weirdness & Mutations

You are too large for most types of armour.
You have tough skin. (AC +1)


Message History

* * * LOW HITPOINT WARNING * * *
Unknown command.
You barely miss the orc. The orc closely misses you.
The iguana barely misses you.
Unknown command.
You closely miss the orc. The orc barely misses you.
You barely miss the orc. The orc barely misses you.
You hit the orc. You freeze the orc.
You kill the orc!
You sock the orc! You freeze the orc.
You kill the orc!
The iguana bites you.
* * * LOW HITPOINT WARNING * * *
Throwing (i - inventory. (,) - cycle):
c - 5 large rocks (quivered)
Press: ? - help, Shift-Dir - straight line, f - iguana
Aim: an iguana You throw a large rock.
The large rock closely misses the iguana.
The iguana bites you!
You die...

#.# #≈.....≈#.# #. #.#
#≈≈≈≈≈≈≈#.# #[ #.#
###############.# #. #.#
#........(## #.########## #.#
#..........# #.##.....#
#.###..........####.##.....###
#...'.........).....)......'..
#####........l#.###[##..)..###
#).......@#l.##.##.....#
#.........##o##.##.....#
#........)......##.....#
#...............##.....#
#...............##.....#
#########.......##..[..#
#.......#*,,,,,*
#.......#******* #....)..#


You could see an iguana.

Vanquished Creatures
  A phantom (D:3)
  2 orc priests (D:4)
  A bullfrog skeleton (D:4)
  3 orc wizards (D:3)
  A worker ant (D:4)
  A howler monkey skeleton (D:4)
  7 adders
  3 worms
  3 dart slugs
  3 leopard geckos
  10 orcs
  A ball python (D:4)
  6 bats
  2 giant cockroaches
  2 goblins
  6 hobgoblins
  6 kobolds
  2 frilled lizards
  3 rats (D:2)
63 creatures vanquished.

Notes
Turn   | Place    | Note
-------+----------+-------------------------------------------
     0 | D:1      | HAL9000 the Ogre Hunter began the quest for the Orb.
     0 | D:1      | Reached XP level 1. HP: 22/22 MP: 1/1
   137 | D:1      | Reached XP level 2. HP: 28/31 MP: 2/2
  1007 | D:2      | Reached skill level 1 in Maces & Flails
  1007 | D:2      | Reached XP level 3. HP: 39/39 MP: 3/3
  1466 | D:2      | Reached skill level 2 in Maces & Flails
  1487 | D:2      | Reached XP level 4. HP: 41/48 MP: 4/4
  2154 | D:3      | Reached skill level 3 in Maces & Flails
  2209 | D:3      | Reached XP level 5. HP: 38/54 MP: 5/5
  2333 | D:3      | Reached skill level 4 in Maces & Flails
  2560 | D:3      | Noticed a phantom
  2576 | D:3      | Killed a phantom
  2576 | D:3      | Reached XP level 6. HP: 55/62 MP: 6/6
  2704 | D:4      | Reached skill level 5 in Maces & Flails
  3087 | D:4      | Got a crystal mace
  3094 | D:4      | Identified the +6 mace "Killer Bee's Peril" {freeze, rF+ Str+3 Int+4 Stlth-} (You found it on level 4 of the Dungeon)
  3397 | D:4      | Slain by an iguana

Vault maps used:
D:1:      nagdon_arrival_zigzag_paths, minmay_misc_feat_ornament,
          minmay_tetromino_s4
D:2:      kennysheep_big_flooded_room, first_bread
D:4:      dk_vineyard_1

Skill      XL: |  1  2  3  4  5  6 |
---------------+-------------------+-----
Fighting       | 3 4 |  4.1
Maces & Flails | 1 2 3 4 5 |  5.8
Throwing       | |  4.0
Dodging        | |  1.7
Stealth        | |  0.6

Action                   |  1- 3 |  4- 6 || total
-------------------------+-------+-------++-------
Melee: Short sword       |    56 |       ||    56
       Mace              |    45 |   152 ||   197
Throw: Large rock        |     1 |     3 ||     4
  Use: Scroll            |       |     4 ||     4
       Potion            |       |     1 ||     1
 Stab: Sleeping          |     1 |     1 ||     2
  Eat: Chunk             |     2 |     6 ||     8
Armor: Robe              |    47 |    44 ||    91
Dodge: Dodged            |    67 |    80 ||   147
Block: Other             |       |    12 ||    12
